Map: Deathaura LE

Players

Bombs - Winner!

  • Race: Terran Terran
  • Spawn Location: 11:00

A.I. 2 (Elite)

  • Race: Protoss Protoss
  • Spawn Location: 5:00

VOD

Have the link to the VOD?

Description

Time

  • Played on: July 5, 2020, 11:15 a.m.
  • Length: 13:26
Show
View Real Time Build Order
Export as new Build Order

Bombs Terran - Winner!

Build Orders: Reaper Expand 

Get SALT Encoding   

  12  0:00  SCV  
  13  0:13  SCV  
  14  0:17  Supply Depot  
  14  0:25  SCV  
  15  0:38  SCV  
  15  0:39  Barracks  
  16  0:43  Refinery  
  16  0:50  SCV  
  17  1:02  SCV  
  18  1:14  SCV  
  19  1:28  Orbital Command, Reaper  
  20  1:38  Command Center  
  20  1:51  Barracks  
  21  1:54  SCV  
  21  2:00  Supply Depot  
  21  2:02  Barracks Reactor  
  21  2:06  SCV  
  22  2:16  Barracks  
  22  2:19  SCV  
  23  2:26  Bunker  
  23  2:32  SCV  
  24  2:38  Marine  
  24  2:39  Marine, Barracks Tech Lab  
  26  2:44  SCV  
  27  2:54  Orbital Command  
  27  3:00  Stimpack  
  27  3:01  Marine x2  
  27  3:03  SCV  
  27  3:05  Barracks Tech Lab  
  30  3:06  Marine  
  31  3:15  SCV  
  31  3:18  Marine  
  31  3:19  Marine  
  34  3:21  SCV  
  34  3:24  Combat Shield  
  34  3:26  Marine x2  
  37  3:27  SCV  
  37  3:33  Supply Depot, SCV  
  39  3:39  SCV  
  39  3:40  Marine x2  
  42  3:45  SCV, Marauder  
  45  3:51  SCV  
  45  3:52  Supply Depot  
  45  3:55  Marauder  
  48  3:56  Supply Depot  
  48  3:57  SCV  
  48  4:01  Marine x2  
  50  4:03  SCV  
  50  4:07  Marauder  
  50  4:09  SCV  
  54  4:15  Supply Depot, SCV  
  55  4:18  Marauder  
  55  4:21  SCV  
  58  4:27  SCV  
  58  4:28  Marine  
  58  4:29  Marine, Marauder  
  63  4:33  SCV  
  63  4:38  Supply Depot  
  64  4:39  SCV, Marauder  
  67  4:45  SCV  
  67  4:46  Command Center  
  67  4:48  Marine  
  67  4:49  Marine  
  67  4:50  Marauder  
  67  4:52  SCV  
  73  4:58  SCV  
  74  5:00  Marauder  
  74  5:04  SCV  
  74  5:06  Supply Depot, Marine  
  78  5:10  SCV  
  78  5:11  Refinery x3  
  78  5:13  Factory  
  79  5:17  SCV  
  79  5:18  Marine x2  
  79  5:22  SCV  
  79  5:26  Supply Depot, Marauder  
  82  5:29  Supply Depot, SCV  
  82  5:34  SCV  
  78  5:39  Marine, Marauder  
  78  5:40  Marine  
  78  5:41  SCV  
  73  5:46  SCV  
  73  5:47  Concussive Shells  
  74  5:53  SCV  
  75  5:58  Starport, SCV, Marine, Factory Reactor  
  75  5:59  Marine, Marauder  
  81  6:05  Orbital Command  
  81  6:06  SCV  
  81  6:10  SCV  
  83  6:12  Marauder  
  83  6:18  SCV  
  85  6:21  Marauder  
  85  6:22  SCV, Engineering Bay x2  
  88  6:25  Refinery  
  88  6:26  Refinery  
  88  6:27  Marine  
  88  6:28  Marine  
  88  6:30  SCV  
  88  6:31  SCV  
  92  6:33  Marauder  
  92  6:34  SCV  
  95  6:42  SCV  
  95  6:43  Medivac x2, SCV  
  95  6:45  Factory Reactor  
  95  6:46  SCV, Marauder  
  104  6:47  Marine  
  104  6:54  SCV, Marine  
  105  6:55  SCV, Marauder  
  105  6:57  Terran Infantry Weapons Level 1  
  105  6:58  SCV, Terran Infantry Armor Level 1  
  111  7:05  Supply Depot  
  111  7:06  SCV  
  111  7:07  Supply Depot, Marauder, SCV  
  115  7:11  SCV, Armory  
  115  7:13  Medivac x2  
  120  7:16  Marauder  
  120  7:18  SCV  
  120  7:20  SCV, Barracks  
  120  7:22  Barracks, Marine  
  125  7:26  Marine  
  125  7:28  Supply Depot, Marauder  
  125  7:29  Supply Depot  
  128  7:33  SCV  
  129  7:38  Marauder  
  131  7:48  Marine x2  
  131  7:50  Marauder  
  135  7:55  Supply Depot  
  135  7:56  Supply Depot, Medivac  
  135  7:57  Medivac, Widow Mine x2  
  143  7:59  Marauder  
  145  8:06  Marine x2  
  145  8:08  Marine  
  145  8:11  Marauder  
  136  8:20  Marauder  
  136  8:21  Ghost Academy  
  136  8:24  Marine x2  
  136  8:26  Barracks Tech Lab  
  133  8:27  Barracks Reactor  
  133  8:33  Marauder  
  131  8:36  Medivac x2, Widow Mine x2  
  131  8:39  Supply Depot x2  
  134  8:42  Marine x2, Marauder  
  134  8:47  Marine  
  139  8:53  Terran Infantry Weapons Level 2  
  139  8:54  Terran Infantry Armor Level 2, Enhanced Shockwaves, Marauder  
  141  8:58  Widow Mine  
  141  8:59  Marine, Widow Mine  
  146  9:03  Marauder  
  146  9:06  Medivac x2, Marauder  
  154  9:12  Command Center  
  154  9:15  Marauder  
  156  9:24  Marauder  
  156  9:27  Marine x2  
  156  9:28  Marine x2, Marauder  
  156  9:30  Widow Mine  
  156  9:31  Widow Mine  
  168  9:37  Marauder  
  170  9:45  Marine x2  
  170  9:46  Marine x2, Marauder  
  170  9:49  Marauder  
  170  9:52  Widow Mine x2  
  182  9:58  Barracks, Marauder  
  182  9:59  Barracks  
  184  10:00  Medivac x2, Barracks  
  184  10:03  Marine  
  189  10:16  Marine  
  189  10:19  Widow Mine  
  189  10:20  Marauder  
  189  10:21  Widow Mine, Marauder  
  189  10:22  Marine x2, Marauder  
  187  10:30  Marine  
  187  10:34  Marine  
  187  10:40  Marine x2  
  187  10:41  Marauder  
  187  10:42  Marauder  
  193  10:44  Marauder  
  193  10:49  Barracks Tech Lab x2  
  195  10:50  Barracks Reactor  
  194  11:03  Marauder  
  194  11:04  Marauder  
  196  11:08  Planetary Fortress  
  196  11:26  Refinery x2  
  196  11:35  Marine  
  196  11:36  Marauder  
Show
View Real Time Build Order
Export as new Build Order

A.I. 2 (Elite) Protoss 

Build Orders: 1 Gate Expand, Zealot Archon 

Get SALT Encoding   

  12  0:00  Probe  
  13  0:13  Probe  
  14  0:20  Pylon  
  14  0:25  Probe  
  15  0:34  Probe  
  15  0:42  Probe  
  17  0:50  Gateway  
  17  0:52  Probe  
  18  1:00  Probe  
  19  1:14  Nexus, Probe  
  20  1:26  Probe  
  21  1:35  Pylon  
  21  1:37  Zealot  
  23  1:43  Cybernetics Core  
  23  1:47  Assimilator  
  23  1:53  Probe  
  24  2:02  Probe  
  25  2:10  Probe  
  26  2:18  Probe  
  26  2:19  Pylon  
  26  2:21  Warp Gate  
  26  2:26  Probe x2  
  28  2:38  Gateway, Probe  
  28  2:40  Assimilator, Probe  
  30  2:50  Stalker  
  32  2:52  Probe  
  32  2:55  Pylon  
  32  2:56  Probe  
  34  3:04  Probe  
  35  3:08  Probe  
  36  3:16  Probe  
  36  3:19  Probe  
  37  3:20  Adept  
  37  3:25  Adept  
  42  3:27  Probe  
  42  3:28  Probe  
  44  3:36  Probe  
  44  3:37  Stargate  
  44  3:41  Probe  
  46  3:50  Adept, Probe  
  46  3:51  Adept  
  46  3:53  Probe  
  51  4:03  Probe  
  52  4:10  Gateway  
  52  4:14  Stargate  
  52  4:17  Pylon, Probe  
  53  4:18  Probe  
  54  4:27  Zealot  
  54  4:28  Pylon  
  54  4:29  Zealot  
  58  4:42  Void Ray  
  62  4:46  Probe x2  
  62  4:51  Pylon  
  64  4:58  Probe  
  64  4:59  Gateway  
  65  5:02  Probe  
  65  5:06  Pylon  
  66  5:11  Void Ray  
  66  5:14  Zealot x2  
  70  5:15  Zealot  
  60  5:23  Probe  
  60  5:24  Probe  
  52  5:29  Adept  
  53  5:39  Assimilator  
  53  5:45  Probe  
  53  5:48  Probe, Twilight Council  
  55  5:50  Assimilator  
  55  5:57  Probe  
  55  6:00  Probe  
  57  6:10  Probe  
  58  6:11  Probe  
  59  6:19  Probe  
  59  6:22  Probe  
  61  6:27  Probe  
  61  6:29  Templar Archives  
  61  6:32  Probe  
  62  6:37  Zealot  
  62  6:39  Probe  
  66  6:40  Probe  
  66  6:46  Nexus, Pylon  
  67  6:47  Pylon  
  67  6:48  Probe  
  67  6:51  Stalker, Probe  
  71  6:55  Stalker  
  71  7:00  Stalker  
  75  7:03  Stalker  
  77  7:13  Sentry  
  77  7:14  Robotics Facility  
  79  7:18  High Templar  
  79  7:19  Forge  
  81  7:23  Forge, Adept  
  81  7:27  High Templar  
  85  7:38  Stalker  
  85  7:39  Archon  
  87  7:45  High Templar  
  89  7:55  Gateway  
  89  7:58  Probe  
  89  7:59  Photon Cannon, High Templar, Probe x2  
  89  8:04  Assimilator  
  89  8:05  Pylon  
  94  8:08  Observer, Zealot x2  
  94  8:09  Assimilator  
  94  8:10  Probe  
  94  8:11  Probe  
  94  8:12  Probe  
  94  8:18  Zealot  
  78  8:22  High Templar  
  78  8:23  Probe  
  78  8:24  Probe x2  
  73  8:28  Zealot x2  
  63  8:35  Probe  
  63  8:36  Probe x2  
  63  8:38  Zealot  
  49  8:46  Zealot  
  49  8:47  High Templar, Probe  
  49  8:48  Probe, Zealot  
  55  8:49  Probe  
  55  8:52  Stalker  
  59  8:59  Probe  
  59  9:00  Probe  
  59  9:02  Probe  
  62  9:03  High Templar  
  62  9:05  Adept  
  62  9:08  Stalker  
  68  9:10  Stalker  
  68  9:11  Probe, Zealot  
  68  9:13  Probe  
  68  9:15  Probe  
  75  9:17  Archon  
  75  9:23  Probe  
  76  9:25  Stalker, Probe  
  76  9:26  High Templar  
  76  9:27  Probe  
  82  9:31  High Templar  
  82  9:35  Probe  
  82  9:37  Probe, Sentry  
  82  9:38  Zealot  
  90  9:40  Probe  
  90  9:43  Archon  
  91  9:47  Probe  
  91  9:48  Zealot  
  91  9:50  Probe  
  91  9:52  Probe  
  96  9:54  Adept  
  96  9:57  High Templar  
  96  9:58  High Templar  
  96  9:59  Probe, Zealot  
  104  10:02  Probe  
  104  10:04  Probe  
  102  10:08  Zealot  
  102  10:09  Twilight Council  
  102  10:11  Zealot  
  104  10:19  Zealot  
  90  10:23  Stalker  
  71  10:31  High Templar  
  62  10:40  Nexus  
  26  10:53  High Templar  
  19  11:24  Pylon  
  19  11:25  High Templar  
  14  12:06  Probe  
  3  12:18  Probe  
  3  12:30  Probe  
  4  12:42  Probe  
  5  12:50  Probe  
  6  12:58  Probe  
  7  13:08  Probe  
Tags
 
Add a new tag
Caveats
  • Supply blocks, unpowered buildings, or Contaminate may cause inaccurate times.
  • Supply counts are checked every 10 seconds.